 Dungeon Crawl Stone Soup version 0.31-a0-1395-g7c67ea8c80 (webtiles) character file.

Game seed: 14233298169980855610

4 Bnni the Digger (level 1, 0/13 HPs)
             Began as a Formicid Earth Elementalist on Dec 25, 2023.
             Slain by a ball python (2 damage)
             ... on level 1 of the Dungeon.
             The game lasted 00:00:37 (97 turns).

Bnni the Digger (Formicid Earth Elementalist)         Turns: 97, Time: 00:00:38

Health: 0/13       AC:  2    Str: 12    XL:     1   Next: 66%
Magic:  1/3        EV: 12    Int: 14    God:
Gold:   7          SH:  0    Dex: 14    Spells: 3/4 levels left

rFire   . . .        (no weapon)
rCold   . . .        (no shield)
rNeg    . . .        a - +0 robe
rPois   .            (helmet unavailable)
rElec   .            (no cloak)
rCorr   .            (no gloves)
SInv    +            (no boots)
Will    .....        (no amulet)
Stlth   ++           (no ring)
HPRegen 0.22/turn    (no ring)
MPRegen 0.08/turn

%: no passive effects
@: no status effects
A: permanent stasis, dig shafts and tunnels, antennae 3, four strong arms
a: Dig, Shaft Self


You were on level 1 of the Dungeon.
You visited 1 branch of the dungeon, and saw 1 of its levels.

You collected 7 gold pieces.

Inventory:

Armour
 a - a +0 robe (worn)
Scrolls
 c - a scroll of revelation {unknown}


   Skills:
 + Level 0.1 Fighting
 - Level 1.7 Dodging
 - Level 2.4 Stealth
 + Level 2.2 Spellcasting
 * Level 3.7 Earth Magic
 * Level 1.7 Alchemy


You had 3 spell levels left.
You knew the following spells:

 Your Spells              Type           Power      Damage    Failure   Level
a - Sandblast             Erth           24%        2d8       4%          1

Your spell library contained the following spells:

 Spells                   Type           Power      Damage    Failure   Level
 Passwall                 Alch/Erth      7%         N/A       12%         2
 Stone Arrow              Conj/Erth      12%        3d7       32%         3
 Petrify                  Alch/Erth      9%         N/A       58%         4
 Brom's Barrelling Bould  Conj/Erth      6%         2d3       71%         4
 Animate Dead             Necr           1%         N/A       93%         4
 Haunt                    Necr/Summ      0%         N/A       100%        7
 Infestation              Necr           0%         N/A       100%        8


Dungeon Overview and Level Annotations

Branches:
Dungeon (1/15)

Altars:


Innate Abilities, Weirdness & Mutations

You cannot be hasted, slowed, berserked, paralysed or teleported.
You can dig through walls and to a lower floor.
You have a pair of large antennae on your head. (SInv)
Your four strong arms can wield two-handed weapons with a shield.


Message History

You close the door.
A kobold breaks down the door.
Something unseen opens the door.
There are monsters nearby!
You open the door.
There is an open door here.
Aiming: Sandblast (safe; 4% risk of failure)
Press: ? - help, Q - select action, (/) - cycle Shift-Dir - straight line, f - kobold
Aim: a kobold, wielding a +0 dagger (77% to hit)
The blast of sand hits the kobold!
You kill the kobold!
The frilled lizard completely misses you.
Aiming: Sandblast (safe; 4% risk of failure)
Press: ? - help, Q - select action, (/) - cycle Shift-Dir - straight line, f - frilled lizard
Aim: a frilled lizard (70% to hit)
The blast of sand hits the frilled lizard!
You kill the frilled lizard!
The gnoll barely misses you.
You don't have enough magic to cast this spell.
Unknown command.
Unknown command.
You hit the gnoll but do no damage.
The gnoll hits you with a +0 whip of electrocution.
Okay, then.
Magic courses through your body.
The gnoll hits you with a +0 whip of electrocution.
* * * LOW HITPOINT WARNING * * *
Aiming: Sandblast (safe; 4% risk of failure)
Press: ? - help, Q - select action, (/) - cycle Shift-Dir - straight line, f - gnoll
Aim: a gnoll, wielding a +0 whip of electrocution (84% to hit)
The blast of sand hits the gnoll!
The gnoll is heavily wounded.
The gnoll barely misses you.
Unknown command.
Aiming: Sandblast (safe; 4% risk of failure)
Press: ? - help, Q - select action, (/) - cycle Shift-Dir - straight line, f/p - gnoll
Aim: a gnoll, wielding a +0 whip of electrocution (heavily wounded, 84% to hit)
The blast of sand hits the gnoll.
You kill the gnoll!
The ball python bites you.
You die...

#.....# #.....#
#.....# #######.....#
............#
...##.....#
..........#
#########......#
###########@##..####
##8.8#..⌠##S#......#
##...#....lr#.#.##.###
##⌠..#.l♣##...#.##†..#
#⌠_.>#<...'.###.##...#
##⌠..#..♣##.# #.##...#
##...#....'.# #.##...#
##8.8#..⌠##.# #.##..##
.###########.# #.##.##


You could see a ball python, a frilled lizard and a rat.

Vanquished Creatures
  A gnoll (D:1)
  2 kobolds (D:1)
  A bat (D:1)
  A frilled lizard (D:1)
5 creatures vanquished.

Notes
Turn   | Place    | Note
-------+----------+-------------------------------------------
     0 | D:1      | Bnni the Formicid Earth Elementalist began the quest for
                  | the Orb.
     0 | D:1      | Reached XP level 1. HP: 13/13 MP: 3/3
    97 | D:1      | Slain by a ball python

Illustrated notes

Levels and vault maps discovered:
D:1:      spicycebolla_arrival_ecumenical, layout_rooms, minmay_pentomino_z4

Action                     || total
---------------------------++-------
  Melee: Unarmed           ||     3
   Cast: Sandblast         ||     8
    Use: Potion            ||     1
 Armour: Robe              ||     7
  Dodge: Dodged            ||    12

Table legend: (Time is in decaauts)
 A = Elapsed time spent in this place.
 B = Non-inter-level travel time spent in this place.
 C = Inter-level travel time spent in this place.
 D = Time resting spent in this place.
 E = Time spent auto-exploring this place.
 F = Levels seen in this place.
 G = Mean time per level.
                   A        B        C        D        E       F      G
               +--------+--------+--------+--------+--------+-----+--------+
         Total |    100 |    100 |      0 |      0 |     44 |   1 |  100.0 |
       Dungeon |    100 |    100 |      0 |      0 |     44 |   1 |  100.0 |
               +--------+--------+--------+--------+--------+-----+--------+

Top non-repeatable levels by time:
     D:1: 100 daAuts
